 Dungeon Crawl Stone Soup version 0.30-a0-297-g0ec75d9ef4 (webtiles) character file.

Game seed: 5010535145721388090

58 ImHallYall the Trooper (level 3, -9/29 HPs)
             Began as a Demonspawn Fighter on Oct 18, 2022.
             Was a Follower of Okawaru.
             Killed by nerve-wracking pain
             ... invoked by an orc priest
              (11 damage)
             ... on level 3 of the Dungeon.
             The game lasted 00:05:52 (1545 turns).

ImHallYall the Trooper (Demonspawn Fighter)         Turns: 1545, Time: 00:05:56

Health: -9/29      AC: 13    Str: 18    XL:     3   Next: 75%
Magic:  3/3        EV:  5    Int:  9    God:    Okawaru [*.....]
Gold:   91         SH:  9    Dex: 12    Spells: 2/2 levels left

rFire   . . .      SeeInvis .    a - +0 long sword
rCold   . . .      Faith    .    c - +0 buckler
rNeg    . . .      Spirit   .    m - +0 plate armour
rPois   .          Reflect  +    q - +0 helmet
rElec   .          Harm     .    o - +0 cloak
rCorr   .          Rampage  .    (no gloves)
Will    .....                    (no boots)
Stlth   ..........               s - amulet of reflection
HPRegen 0.24/turn                (no ring)
MPRegen 0.08/turn                (no ring)

@: mighty, lethally poisoned (-9 -> -11)
A: claws 1, demonic magic 1
a: Renounce Religion, Heroism


You were on level 3 of the Dungeon.
You worshipped Okawaru.
Okawaru was aware of your devotion.
You visited 1 branch of the dungeon, and saw 3 of its levels.

You collected 91 gold pieces.

Inventory:

Hand Weapons
 a - a +0 long sword (weapon)
 r - a +3 whip
Missiles
 g - 5 javelins (quivered)
Armour
 b - a +0 scale mail
 c - a +0 buckler (worn)
 j - a +0 helmet
 m - a +0 plate armour (worn)
 o - a +0 cloak (worn)
 q - a +0 helmet (worn)
Magical Staves
 w - a staff of death
Jewellery
 e - an amulet of magic regeneration
 s - an amulet of reflection (around neck)
Scrolls
 f - 3 scrolls of enchant weapon {unknown}
 h - a scroll of noise {unknown}
 i - 2 scrolls of identify {unknown}
 n - a scroll of immolation {unknown}
 p - a scroll of fear {unknown}
 t - a scroll of enchant armour {unknown}
 v - 2 scrolls of torment {unknown}
Potions
 d - a potion of might
 k - 2 potions of flight {unknown}
 l - a potion of haste {unknown}
 u - a potion of lignification {unknown}


   Skills:
 + Level 3.3 Fighting
 + Level 2.3 Long Blades
 + Level 3.3 Armour
 + Level 3.1 Shields


You had 2 spell levels left.
You didn't know any spells.
Your spell library contained the following spells:

 Spells                   Type           Power      Damage    Failure   Level
 Cigotuvi's Dreadful Rot  Necr/Pois/Air  0%         N/A       100%        2
 Poisonous Vapours        Pois/Air       0%         N/A       100%        2
 Mephitic Cloud           Conj/Pois/Air  0%         N/A       100%        3


Dungeon Overview and Level Annotations

Branches:
Dungeon (3/15)

Altars:
Okawaru


Innate Abilities, Weirdness & Mutations

You have sharp fingernails.
Spells you cast may paralyse adjacent enemies.


Message History

The orc priest is lightly wounded.
The orc priest hits you but does no damage.
You hit the orc but do no damage.
The orc priest invokes the aid of Beogh against you.
Beogh smites you! You block the orc's attack.
You hit the orc.
The orc is severely wounded.
The orc priest calls upon Beogh to heal the orc.
The orc's wounds heal themselves!
The orc priest barely misses you. You block the orc's attack.
You closely miss the orc. The orc priest barely misses you.
The orc priest hits you but does no damage.
The orc hits you with a +1 mace of venom.
You are poisoned.
The orc priest hits you but does no damage.
The orc priest mumbles some strange prayers to Beogh against you.
Pain shoots through your body!
* * * LOW HITPOINT WARNING * * *
You block the orc's attack.
You barely miss the orc.
* * * LOW HITPOINT WARNING * * *
You feel sick. The orc priest barely misses you.
The orc priest calls upon Beogh to heal the orc priest.
The orc priest's wounds heal themselves!
You block the orc's attack.
The hobgoblin hits you but does no damage.
You feel very mighty all of a sudden.
You feel sick.
The orc priest hits you with a +0 hand axe.
* * * LOW HITPOINT WARNING * * *
You block the orc priest's attack. You block the orc's attack.
The hobgoblin barely misses you.
You slash the orc!
You kill the orc!
Okawaru accepts your kill.
* * * LOW HITPOINT WARNING * * *
You feel sick.
The orc priest invokes the aid of Beogh against you.
Pain shoots through your body!
You die...

##.#### .... #.....#
.... ######..##.#
..... #.........<#
..... #..........#
...... #..###...#.#
......#+#.####'###.#
........g........#.#
...?.[)@.........#.#
......oo.........#.#
......#+#+####+###.#
####.> #.# ##


You could see 2 orc priests and a hobgoblin.

Vanquished Creatures
  2 adders (D:2)
  A worm (D:2)
  2 dart slugs (D:1)
  An orc (D:3)
  4 ball pythons
  4 endoplasms
  4 giant cockroaches
  A hobgoblin (D:2)
  2 jackals (D:2)
  2 kobolds
  A quokka (D:1)
  3 bats
  2 frilled lizards (D:1)
  2 goblins (D:2)
  2 rats (D:1)
33 creatures vanquished.

Notes
Turn   | Place    | Note
-------+----------+-------------------------------------------
     0 | D:1      | ImHallYall the Demonspawn Fighter began the quest for the
                  | Orb.
     0 | D:1      | Reached XP level 1. HP: 18/18 MP: 1/1
   109 | D:1      | Gained mutation: You have sharp fingernails. [demonic
                  | ancestry]
   109 | D:1      | Reached XP level 2. HP: 19/24 MP: 2/2
   308 | D:1      | Found a faded altar of an unknown god.
   317 | D:1      | Prayed at the altar of an unknown god.
   317 | D:1      | Became a worshipper of Warmaster Okawaru
   317 | D:1      | Reached * piety under Okawaru
   883 | D:2      | Gained mutation: Spells you cast may paralyse adjacent
                  | enemies. [demonic ancestry]
   883 | D:2      | Reached XP level 3. HP: 29/29 MP: 3/3
  1545 | D:3      | Killed from afar by an orc priest

Illustrated notes

Levels and vault maps discovered:
D:1:      reono_arrival_forest_river, layout_basic,
          ebering_ecumenical_altar_abandoned
D:2:      layout_loops_cross
D:3:      layout_basic, minivault_19, nicolae_elevator_lobby_plus

Skill      XL: |  1  2 |
---------------+-------+-----
Armour         | 3 |  3.3
Long Blades    | 2 |  2.3
Shields        | 3 |  3.1
Fighting       | |  3.3

Action                   || total
-------------------------++-------
Melee: Long sword        ||   101
  Use: Potion            ||     1
Armor: Scale mail        ||    16
       Plate armour      ||    48
Dodge: Dodged            ||    40
Block: Buckler           ||    25

Table legend: (Time is in decaauts)
 A = Elapsed time spent in this place.
 B = Non-inter-level travel time spent in this place.
 C = Inter-level travel time spent in this place.
 D = Time resting spent in this place.
 E = Time spent auto-exploring this place.
 F = Levels seen in this place.
 G = Mean time per level.
                   A        B        C        D        E       F      G
               +--------+--------+--------+--------+--------+-----+--------+
         Total |   1581 |   1522 |     59 |      0 |    936 |   3 |  527.0 |
       Dungeon |   1581 |   1522 |     59 |      0 |    936 |   3 |  527.0 |
               +--------+--------+--------+--------+--------+-----+--------+

Top non-repeatable levels by time:
     D:1: 775 daAuts
     D:2: 764 daAuts
     D:3: 41 daAuts
